 Dungeon Crawl Stone Soup version 0.28.0-47-ge53b351184 (webtiles) character file.

Game seed: 16630183596884312519

50 DildoBatman the Conjurer (level 4, -2/30 HPs)
             Began as a Formicid Conjurer on May 7, 2022.
             Killed by nerve-wracking pain
             ... invoked by Grinder
              (8 damage)
             ... on level 3 of the Dungeon.
             The game lasted 00:04:19 (1500 turns).

DildoBatman the Conjurer (Formicid Conjurer)        Turns: 1500, Time: 00:04:20

Health: -2/30      AC:  3    Str: 12    XL:     4   Next: 4%
Magic:  3/7        EV: 12    Int: 17    God:
Gold:   50         SH:  5    Dex: 11    Spells: 1/7 levels left

rFire   + . .      SeeInvis +   a - +0 whip (venom)
rCold   . . .      Faith    .   (no shield)
rNeg    . . .      Spirit   .   h - +0 robe
rPois   .          Reflect  +   (helmet unavailable)
rElec   .          Harm     .   d - +0 cloak
rCorr   .          Rampage  .   (no gloves)
Will    .....                   (no boots)
Stlth   ++........              g - amulet of reflection
HPRegen 0.10/turn               j - ring of protection from fire
MPRegen 0.10/turn               q - ring of wizardry

@: no status effects
A: permanent stasis, dig shafts and tunnels, antennae 3, four strong arms
a: Dig, Shaft Self


You were on level 3 of the Dungeon.
You visited 1 branch of the dungeon, and saw 3 of its levels.

You collected 50 gold pieces.

Inventory:

Hand Weapons
 a - a +0 whip of venom (weapon)
Missiles
 b - 40 stones
 l - 16 sling bullets
 o - 23 arrows
Armour
 d - a +0 cloak (worn)
 h - a +0 robe (worn)
Jewellery
 g - an amulet of reflection (around neck)
 j - a ring of protection from fire (left hand)
 q - a ring of wizardry (right hand)
Scrolls
 f - a scroll of noise {unknown}
 k - a scroll of fear {unknown}
 n - a scroll of teleportation {unknown}
 p - a scroll of immolation {unknown}
Potions
 c - 2 potions of brilliance {unknown}
 e - a potion of invisibility {unknown}
 i - 2 potions of degeneration {unknown}
 m - a potion of heal wounds {unknown}


   Skills:
 - Level 1.7 Dodging
 - Level 2.4 Stealth
 - Level 2.1 Spellcasting
 * Level 4.9 Conjurations


You had one spell level left.
You knew the following spells:

 Your Spells              Type           Power      Damage    Failure   Level
a - Searing Ray           Conj           36%        2d5       1%          2
b - Frozen Ramparts       Ice            2%         1d2       22%         3
c - Magic Dart            Conj           72%        1d6       1%          1

Your spell library contained the following spells:

 Spells                   Type           Power      Damage    Failure   Level
 Freeze                   Ice            4%         1d3       8%          1
 Dazzling Flash           Conj/Hex       20%        N/A       9%          3
 Corpse Rot               Necr/Air       2%         N/A       12%         2
 Fulminant Prism          Conj/Hex       5%         3d7       26%         4
 Hailstorm                Conj/Ice       10%        3d5       26%         4
 Iskenderun's Mystic Bla  Conj/Tloc      10%        2d4       26%         4
 Dispel Undead            Necr           1%         3d6       56%         4
 Death Channel            Necr           0%         N/A       100%        6


Dungeon Overview and Level Annotations

Branches:
Dungeon (2/15)

Altars:

Shops:
D:1 !

Annotations:
D:3 Grinder


Innate Abilities, Weirdness & Mutations

You cannot be hasted, slowed, berserked, paralysed or teleported.
You can dig through walls and to a lower floor.
You have a pair of large antennae on your head. (SInv)
Your four strong arms can wield two-handed weapons with a shield.


Message History

Anything else - Cancel.
You shout for attention!
What are your orders? t - Shout!
Orders for allies: a - Attack new target. r - Retreat! s - Stop attacking. g - Guard the area. f - Follow me.
Anything else - Cancel.
You shout for attention!
Grinder gestures at you. Pain shoots through your body!
What are your orders? t - Shout!
Orders for allies: a - Attack new target. r - Retreat! s - Stop attacking. g - Guard the area. f - Follow me.
Anything else - Cancel.
You shout for attention!
A ball python comes into view.
Grinder gestures at you. Pain shoots through your body!
What are your orders? t - Shout!
Orders for allies: a - Attack new target. r - Retreat! s - Stop attacking. g - Guard the area. f - Follow me.
Anything else - Cancel.
You shout for attention!
Grinder gestures at you.
Your stasis prevents you from being paralysed.
What are your orders? t - Shout!
Orders for allies: a - Attack new target. r - Retreat! s - Stop attacking. g - Guard the area. f - Follow me.
Anything else - Cancel.
You shout for attention!
Grinder gestures at you. Pain shoots through your body!
You die...

####.#.#.
#@S..S...
#.##.....
#)# ..#
#5# # #..
###


You could see Grinder, an adder and a ball python.

Vanquished Creatures
  3 worms
  4 ball pythons
  3 endoplasms (D:1)
  5 giant cockroaches
  A goblin (D:1)
  3 hobgoblins
  7 jackals
  A quokka (D:1)
  2 bats (D:1)
  3 frilled lizards (D:1)
  3 kobolds
  2 rats (D:1)
37 creatures vanquished.

Vanquished Creatures (others)
  A bat (D:2)
1 creature vanquished.

Grand Total: 38 creatures vanquished

Notes
Turn   | Place    | Note
-------+----------+-------------------------------------------
     0 | D:1      | DildoBatman the Formicid Conjurer began the quest for the
                  | Orb.
     0 | D:1      | Reached XP level 1. HP: 13/13 MP: 3/3
   152 | D:1      | Reached XP level 2. HP: 14/19 MP: 0/5
   155 | D:1      | Learned a level 2 spell: Searing Ray
   234 | D:1      | Reached skill level 4 in Conjurations
   559 | D:1      | Found Buoprium's Distillery.
   566 | D:1      | Reached XP level 3. HP: 18/24 MP: 1/6
   850 | D:1      | Found a faded altar of an unknown god.
   999 | D:1      | Learned a level 3 spell: Frozen Ramparts
  1491 | D:2      | Reached XP level 4. HP: 19/30 MP: 2/7
  1493 | D:2      | You fall into a shaft and drop 1 floor!
  1495 | D:3      | Noticed Grinder
  1500 | D:3      | Killed from afar by Grinder

Illustrated notes

Levels and vault maps discovered:
D:1:      dpeg_arrival_simpleton_a, layout_loops_cross,
          chequers_ecumenical_altar_twisty, serial_shops, nicolae_diamond_shop,
          minivault_14
D:2:      layout_rooms, serial_shops, nicolae_shop_waterfront,
          lemuel_old_faithful
D:3:      layout_loops_ring, serial_glass, glass_columns_b, glass_columns_b,
          wad_floor_pattern_untrapped, uniq_sigmund, uniq_grinder

Skill      XL: |  1  2 |
---------------+-------+-----
Conjurations   | 4 |  4.9
Dodging        | |  1.7
Stealth        | |  2.4
Spellcasting   | |  2.1

Action                   |  1- 3 |  4- 6 || total
-------------------------+-------+-------++-------
Melee: Unarmed           |    41 |       ||    41
       Whip              |    21 |       ||    21
 Cast: Magic Dart        |    61 |       ||    61
       Searing Ray       |     4 |       ||     4
 Abil: Shaft Self        |       |     1 ||     1
 Stab: Sleeping          |     1 |       ||     1
Armor: Robe              |    24 |       ||    24
Dodge: Dodged            |    70 |       ||    70
Block: Other             |     6 |       ||     6
